 Dungeon Crawl Stone Soup version 0.24-a0-317-g5cb8de4 (webtiles) character file.

Game seed: 6791791317043369062

11235 Borgoz the Carver (level 11, -1/97 HPs)
             Began as a Hill Orc Gladiator on May 16, 2019.
             Was a Believer of Ashenzari.
             Slain by a red ugly thing (21 damage)
             ... on level 11 of the Dungeon.
             The game lasted 00:22:00 (11177 turns).

Borgoz the Carver (Hill Orc Gladiator)             Turns: 11177, Time: 00:22:01

Health: -1/97      AC: 11    Str: 18    XL:     11   Next: 74%
Magic:  16/16      EV: 15    Int:  8    God:    Ashenzari [**....]
Gold:   452        SH:  0    Dex: 21    Spells: 10/10 levels left

rFire    . . .     SeeInvis .   a - +11 great sword "Rynliseh" {flame, *Corrode rC+ Stlth+}
rCold    + . .     Gourm    .   (shield currently unavailable)
rNeg     + . .     Faith    .   u - +0 scale mail
rPois    +         Spirit   .   c - +1 helmet
rElec    .         Reflect  .   s - +0 cloak
rCorr    .         Harm     .   (no gloves)
MR       +....                  (no boots)
Stlth    ++........             h - amulet of rage
HPRegen  0.26/turn              H - +6 ring of dexterity
MPRegen  0.15/turn              j - ring "Caakid" {+Blink rPois rN+ MR+}

@: berserk cooldown, slowed, very slow
A: no striking features
a: Curse Item, Scrying, Renounce Religion, Evoke Blink, Evoke Berserk Rage


You were on level 11 of the Dungeon.
You worshipped Ashenzari.
Ashenzari was pleased with you.
You were very hungry.

You visited 2 branches of the dungeon, and saw 12 of its levels.
You also visited: Sewer.

You collected 602 gold pieces.
You spent 150 gold pieces at shops.

Inventory:

Hand Weapons
 a - the +11 great sword "Rynliseh" (weapon) {flame, *Corrode rC+ Stlth+}
   (You found it on level 4 of the Dungeon)

   It has been specially enchanted to burn those struck by it, causing extra
   injury to most foes and up to half again as much damage against particularly
   susceptible opponents.
   Big, fiery blades are also staple armaments of hydra-hunters.
   It protects you from cold.
   It may corrode you when you take damage.
   It makes you more stealthy.
 b - the +5 short sword "Ozaitzil" {drain, Stlth+}
   (You found it on level 9 of the Dungeon)

   A truly terrible weapon, it drains the life of those it strikes.
   It makes you more stealthy.
 p - the +8 whip "Snakebite" {curare, rPois}
   (You found it on level 8 of the Dungeon)

   It poisons the flesh of those it strikes.
   It protects you from poison.
Armour
 c - a +1 helmet (worn)
 q - a +0 plate armour
 s - a +0 cloak (worn)
 u - a +0 scale mail (worn)
 y - a +3 troll leather armour {Snorg}
Jewellery
 g - an uncursed ring of protection from cold
 h - an amulet of rage (around neck)
 i - an uncursed amulet of regeneration
 j - the ring "Caakid" (right hand) {+Blink rPois rN+ MR+}
   (You found it on level 9 of the Dungeon)

   [ring of protection from magic]

   It protects you from poison.
   It protects you from negative energy.
   It affects your resistance to hostile enchantments.
   It lets you blink.
 n - an uncursed ring of resist corrosion
 H - a +6 ring of dexterity (left hand)
 L - an uncursed ring of wizardry
 N - a +4 ring of dexterity
Wands
 z - a wand of disintegration (15)
 F - a wand of flame (19)
 G - a wand of enslavement (8)
 I - a wand of clouds (2)
 M - a wand of paralysis (7)
Scrolls
 d - a scroll of identify
 k - 3 scrolls of teleportation
 l - 3 scrolls of magic mapping
 o - a scroll of fear
 t - 5 scrolls of remove curse
 C - a scroll of amnesia
 O - a scroll of enchant weapon
Potions
 e - 2 potions of magic
 m - 4 potions of brilliance
 r - 3 potions of curing
 v - 5 potions of heal wounds
 w - 2 potions of flight
 x - a potion of cancellation
 A - a potion of ambrosia
 B - 2 potions of might
 D - a potion of berserk rage
 E - a potion of haste
 J - 2 potions of agility
Comestibles
 f - 23 rations


   Skills:
 * Level 9.3 Fighting
 * Level 11.8 Long Blades
 - Level 1.7 Throwing
 * Level 8.1 Armour
 * Level 6.8 Dodging
 + Level 1.8 Stealth
 + Level 7.0 Evocations


You had 10 spell levels left.
You didn't know any spells.
Your spell library contained the following spells:

 Spells                   Type           Power        Failure   Level  Hunger
 Beastly Appendage        Tmut           #.....       75%         1    ##.....
 Confusing Touch          Hex            #.....       75%         1    ##.....
 Poisonous Vapours        Pois/Air       #.....       87%         2    ###....
 Sticks to Snakes         Tmut           #.......     87%         2    ###....
 Confuse                  Hex            #.......     98%         3    ####...
 Conjure Flame            Conj/Fire      #.......     98%         3    ####...
 Gell's Gravitas          Tloc           #.........   98%         3    ####...
 Mephitic Cloud           Conj/Pois/Air  #.......     98%         3    ####...
 Spider Form              Tmut/Pois      #.........   98%         3    ####...
 Ice Form                 Ice/Tmut       #.......     100%        4    #####..
 Petrify                  Tmut/Erth      #.......     100%        4    #####..
 Blade Hands              Tmut           #.........   100%        5    ######.
 Metabolic Englaciation   Hex/Ice        #.........   100%        5    ######.
 Yara's Violent Unravell  Hex/Tmut       #.........   100%        5    ######.
 Freezing Cloud           Conj/Ice/Air   #.........   100%        6    #######
 Ring of Flames           Chrm/Fire      #.........   100%        7    #######


Dungeon Overview and Level Annotations

Branches:
Dungeon (11/15)            Temple (1/1) D:5            Lair (0/6) D:10
    Orc: D:9-12

Altars:
Ashenzari
Cheibriados
Dithmenos
Elyvilon
Fedhas
Gozag
Hepliaklqana
Kikubaaqudgha
Nemelex Xobeh
Okawaru
Qazlal
Ru
Sif Muna
Trog
Uskayaw
Vehumet
Wu Jian
Xom
Yredelemnul
Zin
The Shining One

Shops:
D:4 }   D:5 !   D:8 %

Annotations:
D:8 exclusion: orange crystal statue


Message History

The worker ant zombie is unaffected.
A killer bee comes into view.
The phantom blinks!
The killer bee buzzes angrily.
You hear a shout!
A killer bee comes into view. x2
The red ugly thing pecks you but does no damage.
The killer bee moves out of view.
The worker ant zombie waves its antennae.
A centaur comes into view.
The killer bee misses you.
There is a stone staircase leading up here.
The killer bee closely misses you.
You riposte.
The centaur shouts!
You slash the killer bee! You burn the killer bee.
You kill the killer bee!
The centaur wields a +0 shortbow.
The centaur shoots an arrow.
The arrow hits you. The red ugly thing pecks you!
* * * LOW HITPOINT WARNING * * *
You are engulfed in flames!!
You die...

, .^.###..c.##.#
....... ,
...#......c..# .y.....,
*
#...>........##.......
##....................
#.....................
......................,
, #..................,
* ,*#...†WZ..C.))Y....#
, ,#..@u####..........
.........# *#.........Y
,
.|..##...#,.....F......
** #..,
#................. ## ,
....##...........# ,
,,, ....##.............
,, ,
##.............(.... ,
, * ..... , * , , , ,
,*


You could see a red ugly thing, a cyclops, a phantom, a centaur and a worker ant
zombie.

Vanquished Creatures
  Snorg (D:10)
  A two-headed ogre (D:10)
  Nergalle (D:10)
  The ghost of Yorgos the Slicer, a novice KoSk of Dithmenos (D:8)
  A gargoyle (D:10)
  A troll (D:9)
  6 slime creatures (D:10)
  Grinder (D:3)
  2 hippogriffs
  A wraith (D:10)
  3 yaks (D:10)
  Grum (D:10)
  A hungry ghost (D:7)
  4 orc warriors
  A black bear (D:8)
  A phantom (D:4)
  An eye of draining (D:10)
  A necrophage (D:8)
  An ice beast (D:6)
  8 ogres
  A sky beast (D:8)
  A crocodile (D:9)
  4 wolves (D:10)
  3 centaurs
  2 big kobolds
  4 bullfrogs
  4 killer bees
  12 wights
  3 howler monkeys
  5 electric eels
  4 crimson imps
  2 centaur zombies (D:10)
  4 hounds
  9 orc priests
  2 quasits
  A bullfrog skeleton (D:10)
  2 jellies
  17 orc wizards
  A centaur skeleton (D:8)
  2 iguanas
  6 worker ants
  13 adders
  6 gnolls
  3 river rats (Sewer)
  4 shadow imps
  8 oozes
  An adder zombie (D:6)
  7 worms
  An adder skeleton (D:9)
  3 dart slugs
  4 leopard geckos
  23 orcs
  4 ball pythons
  7 giant cockroaches
  10 goblins
  A hobgoblin (D:1)
  8 jackals
  3 quokkas
  5 bats
  5 frilled lizards
  A jackal skeleton (D:4)
  15 kobolds
  A leopard gecko skeleton (D:4)
  A quokka zombie (D:8)
  18 rats
279 creatures vanquished.

Notes
Turn   | Place    | Note
-------+----------+-------------------------------------------
     0 | D:1      | Borgoz the Hill Orc Gladiator began the quest for the Orb.
     0 | D:1      | Reached XP level 1. HP: 18/18 MP: 1/1
   282 | D:1      | Reached XP level 2. HP: 20/25 MP: 2/2
   929 | D:2      | Reached XP level 3. HP: 26/30 MP: 3/3
  1105 | D:2      | Reached skill level 1 in Armour
  1219 | D:2      | Reached skill level 1 in Evocations
  1276 | D:2      | Reached skill level 4 in Long Blades
  1360 | D:2      | Reached XP level 4. HP: 38/38 MP: 4/4
  1427 | D:2      | Found a faded altar of an unknown god.
  1989 | D:3      | Reached XP level 5. HP: 31/45 MP: 6/6
  2194 | D:3      | Noticed Grinder
  2211 | D:3      | Paralysed by Grinder for 4 turns
  2224 | D:3      | Killed Grinder
  2224 | D:3      | Reached skill level 5 in Long Blades
  2224 | D:3      | Reached XP level 6. HP: 21/52 MP: 7/7
  2673 | D:3      | Found a sparkling altar of Nemelex Xobeh.
  3264 | D:4      | Reached XP level 7. HP: 39/59 MP: 8/8
  3480 | D:4      | Got a translucent great sword
  3481 | D:4      | Identified the +11 great sword "Rynliseh" {flame, *Corrode
                  | rC+ Stlth+} (You found it on level 4 of the Dungeon)
  3904 | D:4      | Reached skill level 6 in Long Blades
  4008 | D:4      | Found Vubanud's Gadget Boutique.
  4078 | D:5      | Entered Level 5 of the Dungeon
  4141 | D:5      | Found a shadowy altar of Dithmenos.
  4223 | D:5      | Found a glowing drain.
  4227 | Sewer    | Entered a sewer
  4314 | Sewer    | Reached XP level 8. HP: 67/67 MP: 10/10
  4803 | D:5      | Reached skill level 5 in Fighting
  5061 | D:5      | Found Ymophaf's Distillery.
  5066 | D:5      | Reached skill level 7 in Long Blades
  5222 | D:5      | Found a staircase to the Ecumenical Temple.
  5229 | Temple   | Entered the Ecumenical Temple
  5294 | Temple   | Became a worshipper of Ashenzari the Shackled
  5357 | D:5      | HP: 3/69 [orc priest/divine providence (12)]
  6193 | D:6      | Reached XP level 9. HP: 68/75 MP: 12/12
  6225 | D:6      | Reached skill level 8 in Long Blades
  6597 | D:6      | Reached skill level 5 in Armour
  6951 | D:6      | Found a deep blue altar of Sif Muna.
  7188 | D:7      | Reached skill level 5 in Evocations
  7223 | D:7      | Reached skill level 9 in Long Blades
  7244 | D:7      | Reached skill level 5 in Dodging
  7404 | D:7      | Found a blossoming altar of Fedhas.
  7458 | D:7      | Reached XP level 10. HP: 81/86 MP: 14/14
  7994 | D:8      | Found Opoaxto's Food Shop.
  7999 | D:8      | Found the +8 whip "Snakebite" {curare, rPois}
  8000 | D:8      | Found a glowing silver altar of Zin.
  8008 | D:8      | Reached * piety under Ashenzari
  8303 | D:8      | Found a hazy altar of Hepliaklqana.
  8358 | D:8      | Found a runed translucent door.
  8358 | D:8      | Noticed Yorgos's ghost (novice KoSk)
  8369 | D:8      | Killed Yorgos's ghost
  8369 | D:8      | Reached skill level 10 in Long Blades
  8469 | D:8      | Noticed an orange crystal statue
  8598 | D:8      | Bought a ration for 50 gold pieces
  8598 | D:8      | Bought a ration for 50 gold pieces
  8598 | D:8      | Bought a ration for 50 gold pieces
  9299 | D:9      | Got the short sword "Ozaitzil" {drain, Stlth+}
  9300 | D:9      | Identified the +5 short sword "Ozaitzil" {drain, Stlth+}
                  | (You found it on level 9 of the Dungeon)
  9702 | D:9      | Found a bloodstained altar of Trog.
  9728 | D:9      | Identified the ring "Caakid" {+Blink rPois rN+ MR+}
  9963 | D:10     | Entered Level 10 of the Dungeon
  9972 | D:10     | Noticed Nergalle
  9974 | D:10     | Noticed a two-headed ogre
  9982 | D:10     | Killed Nergalle
  9988 | D:10     | Killed a two-headed ogre
  9988 | D:10     | Reached skill level 11 in Long Blades
  9988 | D:10     | Reached XP level 11. HP: 62/95 MP: 15/15
 10020 | D:10     | Reached ** piety under Ashenzari
 10032 | D:10     | Noticed Grum
 10043 | D:10     | Killed Grum
 10308 | D:10     | Found a staircase to the Lair.
 10364 | D:10     | Noticed Snorg
 10385 | D:10     | Killed Snorg
 10385 | D:10     | Reached skill level 1 in Stealth
 11156 | D:11     | Noticed a red ugly thing
 11164 | D:11     | Noticed a cyclops
 11177 | D:11     | Slain by a red ugly thing

Levels and vault maps discovered:
D:1:      giann_horns, layout_basic, moated_statue, minmay_misc_feat_x
D:2:      layout_basic, chequers_ecumenical_altar_simple_redux, first_ration
D:3:      layout_loops_ring, hangedman_decor_diamond_cutter,
          grunt_ministairs_11, nemelex_dance_club_becter, uniq_grinder
D:4:      minmay_octagon_keep, layout_layer_cave, serial_shops, kennysheep_mini
D:5:      layout_loops_ring, minmay_temple_entry_statues_pillars,
          gup_sewer_entry_spiral, serial_shops, kennysheep_mini_moat,
          grunt_dithmenos_smoke
D:6:      kennysheep_orc_sif_temple, layout_loops_ring
D:7:      layout_basic, lemuel_doored_altar, grunt_ogre_cave,
          chequers_serial_rivers_small_3
D:8:      statuecave_lemuel, layout_rooms, nicolae_overflow_hidden_temple,
          serial_shops, shop, ebering_ghost_reflecting_pool
D:9:      layout_basic, serial_co_window_serial, co_window_paths_a,
          co_window_paths_b, co_window_paths_a, co_window_paths_b,
          co_window_paths_a, co_window_unsneaky_path_a,
          co_window_unsneaky_path_e, co_window_2corner, co_window_broadway_b,
          co_window_cross_2, co_window_sun, glass_columns_a, trog_book
D:10:     layout_rooms, dpeg_oklobed_lair, uniq_grum, uniq_nergalle, uniq_snorg
D:11:     layout_cave_pools, enter_bailey_7, uniq_sonja
Temple:   compressed_dpeg_circular_temple

Skill      XL: |  1  2  3  4  5  6  7  8  9 10 11 |
---------------+----------------------------------+-----
Fighting       | 3 4 5 7 8 9 |  9.3
Armour         | 1 2 3 4 5 7 8 |  8.1
Evocations     | 1 2 3 4 5 6 7 |  7.0
Long Blades    | 4 5 6 7 9 11 | 11.8
Dodging        | 3 4 5 6 |  6.8
Stealth        | 1 |  1.8
Throwing       | |  1.7

Action                   |  1- 3 |  4- 6 |  7- 9 | 10-12 || total
-------------------------+-------+-------+-------+-------++-------
Melee: Long sword        |    80 |   149 |    13 |       ||   242
       Great sword       |       |       |   226 |   187 ||   413
Throw: Throwing net      |       |       |       |     6 ||     6
 Abil: Evoke Berserk Rag |       |       |       |     3 ||     3
Evoke: Wand              |       |       |       |     1 ||     1
  Use: Scroll            |       |     4 |    10 |    11 ||    25
       Potion            |       |     1 |     1 |     2 ||     4
 Stab: Sleeping          |       |       |     3 |       ||     3
       Distracted        |       |       |     1 |       ||     1
  Eat: Chunk             |     1 |     7 |    14 |    10 ||    32
       Ration            |       |       |       |     1 ||     1
Armor: Leather armour    |    21 |       |       |       ||    21
       Ring mail         |    13 |    82 |    88 |       ||   183
       Skin              |       |     3 |       |       ||     3
       Scale mail        |       |       |     2 |    79 ||    81
Dodge: Dodged            |    46 |   118 |   183 |   194 ||   541
       Rpst.: Long sword |    13 |    37 |     2 |       ||    52
       Great sword       |       |       |    44 |    44 ||    88

Table legend:
 A = Non-vault XP
 B = Vault XP
 C = Vault XP percentage of total XP
 D = Non-vault monster count
 E = Vault monster count
 F = Vault count percentage of total count
                 A         B        C        D         E       F
            +---------+---------+-------+---------+---------+-------
      Total |   11611 |    4439 |  27.7 |     217 |      62 |  22.2
            +---------+---------+-------+---------+---------+-------
        D:1 |      31 |       0 |   0.0 |      14 |       0 |   0.0
        D:2 |      56 |       0 |   0.0 |      18 |       0 |   0.0
        D:3 |     156 |     274 |  63.7 |      31 |       5 |  13.9
        D:4 |     402 |      93 |  18.8 |      13 |       7 |  35.0
        D:5 |     668 |      25 |   3.6 |      15 |       7 |  31.8
        D:6 |    1287 |     332 |  20.5 |      39 |       6 |  13.3
        D:7 |    1027 |     125 |  10.9 |      13 |       1 |   7.1
        D:8 |    1347 |     789 |  36.9 |      21 |       1 |   4.5
        D:9 |    1070 |       0 |   0.0 |      17 |       0 |   0.0
       D:10 |    5292 |    2552 |  32.5 |      32 |       7 |  17.9
       D:11 |     275 |       0 |   0.0 |       4 |       0 |   0.0
      Sewer |       0 |     249 | 100.0 |       0 |      28 | 100.0
            +---------+---------+-------+---------+---------+-------
